[Event "4th ChessMates Murmansk 2020"]
[Site "Murmansk"]
[Date "2020.03.13"]
[Round "1.6"]
[White "Myskovski, Deniss"]
[Black "Kien, Clovis"]
[Result "0-1"]
[ECO "B32"]
[WhiteElo "1205"]
[BlackElo "1765"]
[Annotator "NA RC"]
[PlyCount "62"]
[EventDate "2020.03.13"]
[EventType "team-tourn"]
[EventCountry "RUS"]
[SourceTitle "playchess.com"]
[Source "ChessBase"]
[SourceQuality "1"]
[TimeControl "5400+30"]

1. e4 c5 2. Nf3 Nc6 3. d4 cxd4 4. Nxd4 e5 5. Nf3 Nf6 6. Bd3 d5 7. Bg5 dxe4 8. Bxf6 Qxf6 9. Bxe4 Bb4+ 10. c3 Bc5 11. O-O Bg4 12. h3 Bh5 13. Qd5 Bb6 14. Nbd2 O-O 15. Nc4 Rad8 16. Qb5 Qf4 17. Bxc6 bxc6 18. Qxe5 Qxc4 19. Qxh5 Qe2 20. Qh4 Qxb2 21. Ng5 h6 22. Ne4 f5 23. Ng3 Bxf2+ 24. Rxf2 Qxa1+ 25. Kh2 Rd5 26. Rf3 Qxa2 27. Nh5 Rd2 28. Rg3 Rf7 29. Nf6+ Rxf6 30. Qxf6 Rxg2+ 31. Rxg2 Qxg2+ 0-1

[Event "4th ChessMates Murmansk 2020"]
[Site "Murmansk"]
[Date "2020.03.13"]
[Round "1.8"]
[White "Smirnova, Jekaterina"]
[Black "Fougerat, Emma"]
[Result "1/2-1/2"]
[ECO "A34"]
[WhiteElo "1439"]
[BlackElo "1668"]
[Annotator "NA RC"]
[PlyCount "38"]
[EventDate "2020.03.13"]
[EventType "team-tourn"]
[EventCountry "RUS"]
[SourceTitle "playchess.com"]
[Source "ChessBase"]
[SourceQuality "1"]
[TimeControl "5400+30"]

1. c4 c5 2. Nc3 Nf6 3. Nf3 g6 4. d3 Bg7 5. e4 d6 6. Be2 O-O 7. O-O Nc6 8. Be3 a6 9. h3 Rb8 10. a4 Bd7 11. Qd2 Re8 12. Nh4 Na5 13. Bd1 Nc6 14. f4 e6 15. Nf3 Qc7 16. Kh1 Nb4 17. e5 Nh5 18. Kg1 Ng3 19. Re1 Nf5 1/2-1/2

[Event "4th ChessMates Murmansk 2020"]
[Site "Murmansk"]
[Date "2020.03.13"]
[Round "1.9"]
[White "Matsumura, Cocoro"]
[Black "Mertins, Ostap"]
[Result "1-0"]
[ECO "B90"]
[WhiteElo "1896"]
[BlackElo "1375"]
[Annotator "NA RC"]
[PlyCount "45"]
[EventDate "2020.03.13"]
[EventType "team-tourn"]
[EventCountry "RUS"]
[SourceTitle "playchess.com"]
[Source "ChessBase"]
[SourceQuality "1"]
[TimeControl "5400+30"]

1. e4 c5 2. Nf3 d6 3. d4 cxd4 4. Nxd4 Nf6 5. Nc3 a6 6. f3 Qc7 7. Be3 Nbd7 8. Qd2 e6 9. O-O-O b6 10. g4 h6 11. h4 Be7 12. Bh3 Ne5 13. g5 hxg5 14. hxg5 Nh5 15. f4 Nc4 16. Qf2 Bb7 17. g6 Nxe3 18. gxf7+ Kxf7 19. Bxe6+ Ke8 20. Qxe3 Bc8 21. Bf5 Bxf5 22. Nxf5 Nf6 23. Rxh8+ 1-0

[Event "4th ChessMates Murmansk 2020"]
[Site "Murmansk"]
[Date "2020.03.13"]
[Round "1.14"]
[White "Vetrov, Ivan"]
[Black "Timoshenko, Fedor"]
[Result "1-0"]
[ECO "D10"]
[WhiteElo "1799"]
[BlackElo "1621"]
[Annotator "NA RC"]
[PlyCount "71"]
[EventDate "2020.03.13"]
[EventType "team-tourn"]
[EventCountry "RUS"]
[SourceTitle "playchess.com"]
[Source "ChessBase"]
[SourceQuality "1"]
[TimeControl "5400+30"]

1. d4 d5 2. c4 c6 3. cxd5 cxd5 4. Nc3 Nf6 5. Nf3 Nc6 6. Bf4 e6 7. e3 Bb4 8. Bd3 O-O 9. O-O Nh5 10. Bg5 Be7 11. Bxe7 Qxe7 12. Ne5 g6 13. Nxc6 bxc6 14. Na4 f6 15. Rc1 Bd7 16. Qd2 Ng7 17. Nc5 e5 18. Nxd7 Qxd7 19. dxe5 fxe5 20. Qc3 e4 21. Bc2 Rf5 22. Ba4 Raf8 23. Qxc6 Qe7 24. Bb3 Qg5 25. Rcd1 Kh8 26. Bxd5 Nh5 27. Bxe4 Rc5 28. Qd6 Kg7 29. Rd5 Rxd5 30. Qxd5 Qe7 31. Bf3 Rd8 32. Qc4 Nf6 33. Rc1 Rd7 34. h3 Qe5 35. Qc3 Qe6 36. Bg4 1-0

[Event "4th ChessMates Murmansk 2020"]
[Site "Murmansk"]
[Date "2020.03.13"]
[Round "1.17"]
[White "Iarovoi, Dmitrii"]
[Black "Poliato, Irina"]
[Result "1-0"]
[ECO "D58"]
[WhiteElo "1346"]
[BlackElo "1588"]
[Annotator "NA RC"]
[PlyCount "125"]
[EventDate "2020.03.13"]
[EventType "team-tourn"]
[EventCountry "RUS"]
[SourceTitle "playchess.com"]
[Source "ChessBase"]
[SourceQuality "1"]
[TimeControl "5400+30"]

1. Nf3 d5 2. d4 Nf6 3. c4 e6 4. Bg5 Be7 5. Nc3 O-O 6. e3 h6 7. Bh4 b6 8. cxd5 exd5 9. Bd3 Be6 10. Rc1 c5 11. O-O Qc7 12. Bg3 Qb7 13. Qe2 c4 14. Bb1 b5 15. e4 b4 16. exd5 Nxd5 17. Nxd5 Bxd5 18. Rfe1 Bxf3 19. gxf3 f5 20. Qxe7 Qxf3 21. Qe2 Qxe2 22. Rxe2 Nd7 23. Bd6 Rf6 24. Bxb4 Nb6 25. Re5 g6 26. Rce1 Rf7 27. d5 Rd7 28. d6 Rad8 29. Re7 Nd5 30. Rxd7 Rxd7 31. Bc5 Kf7 32. Bc2 Rb7 33. Re5 Nf4 34. Re7+ Rxe7 35. dxe7 Nd5 36. Ba4 Nxe7 37. Bxe7 Kxe7 38. Bb5 Kd6 39. Bxc4 Kc5 40. Bf7 g5 41. Kg2 Kd4 42. Kf3 a5 43. Bg6 Ke5 44. a3 Kd4 45. Bxf5 Kc4 46. Be6+ Kd3 47. b4 axb4 48. axb4 Kd4 49. Kg4 Ke5 50. Kh5 Kxe6 51. Kxh6 g4 52. Kg5 Kd5 53. Kxg4 Kc4 54. h4 Kxb4 55. h5 Kc4 56. h6 Kd3 57. h7 Ke2 58. h8=Q Kxf2 59. Qe5 Kg2 60. Qe3 Kh1 61. Qe2 Kg1 62. Kg3 Kh1 63. Qf1# 1-0

[Event "4th ChessMates Murmansk 2020"]
[Site "Murmansk"]
[Date "2020.03.13"]
[Round "1.18"]
[White "Khmil, Fedor"]
[Black "Pereverzev, Valerii"]
[Result "1-0"]
[ECO "B33"]
[WhiteElo "1470"]
[BlackElo "1379"]
[Annotator "NA RC"]
[PlyCount "69"]
[EventDate "2020.03.13"]
[EventType "team-tourn"]
[EventCountry "RUS"]
[SourceTitle "playchess.com"]
[Source "ChessBase"]
[SourceQuality "1"]
[TimeControl "5400+30"]

1. e4 c5 2. Nf3 Nc6 3. d4 cxd4 4. Nxd4 Nf6 5. Nc3 e5 6. Ndb5 d6 7. Bg5 a6 8. Na3 b5 9. Nd5 Be7 10. Bxf6 Bxf6 11. c3 O-O 12. Be2 Bg5 13. O-O f5 14. f3 Be6 15. Nc2 Ne7 16. Ncb4 Ng6 17. a4 Qd7 18. axb5 axb5 19. Qd3 Rxa1 20. Rxa1 fxe4 21. fxe4 Qf7 22. Kh1 Nh4 23. Rf1 Qa7 24. Rxf8+ Kxf8 25. g3 Qf2 26. gxh4 Bf4 27. Nxf4 exf4 28. Qxd6+ Kf7 29. Nd3 Qxe2 30. Qxe6+ Kxe6 31. Nxf4+ Ke5 32. Nxe2 Kxe4 33. Nd4 b4 34. Ne6 b3 35. Nc5+ 1-0

[Event "4th ChessMates Murmansk 2020"]
[Site "Murmansk"]
[Date "2020.03.13"]
[Round "1.20"]
[White "Ivashevskiy, Artem"]
[Black "Bueckert, Lucy"]
[Result "0-1"]
[ECO "A21"]
[WhiteElo "1233"]
[BlackElo "1302"]
[Annotator "NA RC"]
[PlyCount "82"]
[EventDate "2020.03.13"]
[EventType "team-tourn"]
[EventCountry "RUS"]
[SourceTitle "playchess.com"]
[Source "ChessBase"]
[SourceQuality "1"]
[TimeControl "5400+30"]

1. c4 e5 2. Nc3 Bb4 3. Nf3 Bxc3 4. bxc3 e4 5. Nd4 d5 6. cxd5 Qxd5 7. Qc2 c5 8. Nb3 Bf5 9. e3 Ne7 10. Ba3 b6 11. d4 exd3 12. Qd2 Nbc6 13. Rc1 Ne5 14. Rd1 O-O 15. h3 Rfd8 16. Rg1 Bxh3 17. f4 Bg4 18. fxe5 Bxd1 19. Kxd1 Qxe5 20. c4 Qh2 21. Qf2 Qh5+ 22. g4 Qg6 23. Kd2 Rab8 24. Nc1 Qe4 25. Bxd3 Qxc4 26. Qe2 Nc6 27. Ke1 Qc3+ 28. Kf2 Qxa3 29. Qc2 g6 30. Bc4 Ne5 31. Bb3 Qb4 32. Ne2 Nxg4+ 33. Kf3 Ne5+ 34. Kf2 Rd6 35. Kf1 Rf6+ 36. Nf4 Rd8 37. Rg2 Nd3 38. Kg1 Nxf4 39. exf4 Rxf4 40. Rxg6+ Kh8 41. Rh6 Qe1+ 0-1

[Event "4th ChessMates Murmansk 2020"]
[Site "Murmansk"]
[Date "2020.03.13"]
[Round "1.24"]
[White "Shelezhonkova, Kseniya"]
[Black "Mamoshin, Oleg"]
[Result "1/2-1/2"]
[ECO "B23"]
[WhiteElo "1552"]
[BlackElo "1648"]
[Annotator "NA RC"]
[PlyCount "67"]
[EventDate "2020.03.13"]
[EventType "team-tourn"]
[EventCountry "RUS"]
[SourceTitle "playchess.com"]
[Source "ChessBase"]
[SourceQuality "1"]
[TimeControl "5400+30"]

1. e4 c5 2. Nc3 e6 3. f4 d5 4. Nf3 d4 5. Ne2 Nf6 6. d3 Be7 7. h3 Nc6 8. g3 Qc7 9. Bg2 O-O 10. O-O Ne8 11. g4 f5 12. g5 g6 13. Qe1 Ng7 14. Ng3 Bd6 15. e5 Be7 16. h4 b6 17. a3 Bb7 18. Kf2 Kf7 19. Rh1 Rh8 20. Rh3 h5 21. Nf1 Ne8 22. N1d2 b5 23. c3 Qd7 24. Qe2 Nc7 25. Nb3 dxc3 26. bxc3 Rhd8 27. d4 c4 28. Nbd2 Nd5 29. Nb1 Na5 30. Qb2 Nb3 31. Ra2 a5 32. Kg3 a4 33. Rh1 Nb6 34. Re1 1/2-1/2

[Event "4th ChessMates Murmansk 2020"]
[Site "Murmansk"]
[Date "2020.03.13"]
[Round "1.26"]
[White "Shilnikov, Anton"]
[Black "Morar, Kirill"]
[Result "1-0"]
[ECO "B43"]
[WhiteElo "1769"]
[BlackElo "1271"]
[Annotator "NA RC"]
[PlyCount "95"]
[EventDate "2020.03.13"]
[EventType "team-tourn"]
[EventCountry "RUS"]
[SourceTitle "playchess.com"]
[Source "ChessBase"]
[SourceQuality "1"]
[TimeControl "5400+30"]

1. e4 c5 2. Nf3 e6 3. d4 cxd4 4. Nxd4 a6 5. Nc3 Qc7 6. Be2 Nf6 7. O-O Bb4 8. Qd3 b5 9. Bf3 Bxc3 10. bxc3 Bb7 11. Ba3 d6 12. Ne2 d5 13. exd5 Nxd5 14. Qd4 f6 15. Bxd5 Bxd5 16. Nf4 Qc6 17. Rad1 Kf7 18. Nxd5 exd5 19. Qxd5+ Qxd5 20. Rxd5 Ra7 21. Rfd1 Rc8 22. R1d3 Rac7 23. Bd6 Rc6 24. Bxb8 Rxb8 25. Rd7+ Kg8 26. Rg3 g6 27. Rh3 h5 28. Rg3 f5 29. h4 Re8 30. Rgd3 Re1+ 31. Kh2 Rc4 32. g3 Re2 33. Kg2 Rc6 34. Ra7 Re8 35. Rdd7 Rec8 36. Rg7+ Kf8 37. Rh7 Kg8 38. Rag7+ Kf8 39. Kf3 Rxc3+ 40. Kf4 R3c4+ 41. Kg5 R4c6 42. Rxg6 Rxg6+ 43. Kxg6 Rxc2 44. Rxh5 Rxa2 45. Rxf5+ Kg8 46. h5 Ra1 47. h6 Rh1 48. Rc5 1-0

[Event "4th ChessMates Murmansk 2020"]
[Site "Murmansk"]
[Date "2020.03.13"]
[Round "1.27"]
[White "Abbasov, Aziz"]
[Black "Baranov, Ivan"]
[Result "0-1"]
[ECO "A01"]
[WhiteElo "1478"]
[BlackElo "1671"]
[Annotator "NA RC"]
[PlyCount "84"]
[EventDate "2020.03.13"]
[EventType "team-tourn"]
[EventCountry "RUS"]
[SourceTitle "playchess.com"]
[Source "ChessBase"]
[SourceQuality "1"]
[TimeControl "5400+30"]

1. b3 Nf6 2. Bb2 c5 3. e3 d6 4. d4 cxd4 5. exd4 g6 6. Nf3 Bg7 7. Bb5+ Nbd7 8. O-O a6 9. Bxd7+ Qxd7 10. Re1 O-O 11. Nbd2 b5 12. Qe2 Re8 13. c4 Bb7 14. Rac1 e6 15. a3 Rab8 16. Ba1 bxc4 17. Nxc4 Bd5 18. b4 Bh6 19. Ne3 Qb7 20. Bc3 Bxf3 21. Qxf3 Qxf3 22. gxf3 Rec8 23. Bd2 Nh5 24. Nf1 Bxd2 25. Nxd2 Nf4 26. Rxc8+ Rxc8 27. Ne4 Rc6 28. h4 f5 29. Ng5 d5 30. Kh2 h6 31. Nh3 Nxh3 32. Kxh3 Kf7 33. Kg3 Rc4 34. Rd1 Rc3 35. a4 Rb3 36. b5 axb5 37. axb5 Rxb5 38. Kf4 Kf6 39. Kg3 Rb3 40. Kf4 g5+ 41. hxg5+ hxg5+ 42. Kg3 g4 0-1

[Event "4th ChessMates Murmansk 2020"]
[Site "Murmansk"]
[Date "2020.03.13"]
[Round "1.28"]
[White "Chervyakova, Tatiana"]
[Black "Khon, Ilya"]
[Result "1-0"]
[ECO "D30"]
[WhiteElo "1489"]
[BlackElo "1223"]
[Annotator "NA RC"]
[PlyCount "51"]
[EventDate "2020.03.13"]
[EventType "team-tourn"]
[EventCountry "RUS"]
[SourceTitle "playchess.com"]
[Source "ChessBase"]
[SourceQuality "1"]
[TimeControl "5400+30"]

1. d4 d5 2. c4 e6 3. Nf3 c5 4. e3 Nc6 5. Nc3 Nf6 6. Be2 Be7 7. O-O O-O 8. b3 b6 9. Bb2 Bb7 10. Rc1 Rc8 11. Re1 h6 12. Bf1 Qd7 13. cxd5 Nxd5 14. Nxd5 Qxd5 15. dxc5 Qxd1 16. Rexd1 Bxc5 17. Rd7 Na5 18. Ne5 Rcd8 19. Rcd1 Rxd7 20. Rxd7 f6 21. Nd3 Rb8 22. b4 Bc8 23. Rd8+ Kf7 24. bxc5 bxc5 25. Nxc5 Rxb2 26. Rxc8 1-0

[Event "4th ChessMates Murmansk 2020"]
[Site "Murmansk"]
[Date "2020.03.13"]
[Round "1.29"]
[White "Yatchenko, Leonid"]
[Black "Filimonov, Viktor"]
[Result "1-0"]
[ECO "B19"]
[WhiteElo "1705"]
[BlackElo "1481"]
[Annotator "NA RC"]
[PlyCount "117"]
[EventDate "2020.03.13"]
[EventType "team-tourn"]
[EventCountry "RUS"]
[SourceTitle "playchess.com"]
[Source "ChessBase"]
[SourceQuality "1"]
[TimeControl "5400+30"]

1. e4 c6 2. d4 d5 3. Nc3 dxe4 4. Nxe4 Bf5 5. Ng3 Bg6 6. h4 h6 7. Nf3 Nd7 8. h5 Bh7 9. Bd3 Bxd3 10. Qxd3 e6 11. Bd2 Ngf6 12. O-O-O Be7 13. Qe2 O-O 14. Ne5 Rc8 15. Ne4 Nxe4 16. Qxe4 Nf6 17. Qe2 Qd5 18. Kb1 Qe4 19. Qxe4 Nxe4 20. Be1 Rfd8 21. f3 Nd6 22. Bf2 Nb5 23. Rd3 Bf6 24. Rhd1 Nc7 25. c4 Ne8 26. g4 b5 27. b3 Nd6 28. Kc2 Nb7 29. c5 Rd5 30. b4 Bxe5 31. dxe5 Kf8 32. Ra3 Ra8 33. Rxd5 exd5 34. Ra6 Nd8 35. Bh4 Ne6 36. Kd3 Nf4+ 37. Kd4 Ne6+ 38. Ke3 Rc8 39. Rxa7 Re8 40. Kd3 Nf4+ 41. Kd2 Kg8 42. Bg3 Ne6 43. f4 Rd8 44. Ra6 Rc8 45. Ke3 Kf8 46. Kd3 Ke8 47. Ke3 Kf8 48. Bf2 Ke8 49. Kf3 Kf8 50. Be3 Ke8 51. Ke2 Ke7 52. Kd3 Ke8 53. f5 Nf8 54. Kd4 Nd7 55. Bf4 Ke7 56. Ra7 Ke8 57. e6 fxe6 58. fxe6 Nf8 59. Ke5 1-0

[Event "4th ChessMates Murmansk 2020"]
[Site "Murmansk"]
[Date "2020.03.13"]
[Round "1.30"]
[White "Simakov, Vadim"]
[Black "Zaytsev, Egor"]
[Result "0-1"]
[ECO "B22"]
[WhiteElo "1605"]
[BlackElo "1871"]
[Annotator "NA RC"]
[PlyCount "84"]
[EventDate "2020.03.13"]
[EventType "team-tourn"]
[EventCountry "RUS"]
[SourceTitle "playchess.com"]
[Source "ChessBase"]
[SourceQuality "1"]
[TimeControl "5400+30"]

1. e4 c5 2. c3 Nf6 3. e5 Nd5 4. d4 cxd4 5. cxd4 Nc6 6. Bc4 Nb6 7. Bb3 d6 8. exd6 Qxd6 9. Nf3 Na5 {[%emt 0:03:14] [#] B22: Sicilian: 2 c3.} 10. O-O $146 ({Predecessor:} 10. Bc2 Bg4 11. O-O Nc6 12. Be3 Rc8 13. Nc3 e6 14. Bb3 Na5 15. Bc2 Be7 16. d5 O-O 17. dxe6 Qxe6 {0-1 (49) Krauss,J (2110)-Bittner,H (1950) Bayern 1998}) 10... Nxb3 11. axb3 g6 12. Nc3 a6 13. Bg5 h6 14. Bh4 Be6 15. Bg3 Qd8 16. Be5 Rg8 17. Re1 Bg7 18. Qd2 g5 19. Ra3 Nd5 20. Qd3 Bxe5 21. Nxe5 Rg7 22. Ne4 Nf4 23. Qd2 Qd5 24. Ra5 b5 25. Nf3 Qf5 26. d5 Qg4 27. Ng3 Bxd5 28. Ne5 Qc8 29. Ne4 $2 (29. Nh5 $1 $11 Nxh5 30. Qxd5) 29... Bxe4 30. Rxe4 Qb7 31. f3 (31. Qe3 $142 f5 32. Rxf4 {[%mdl 64] Remove Defender} gxf4 33. Qf3 Qxf3 34. Nxf3) 31... Rd8 32. Qe1 Qb6+ 33. Kh1 f6 34. Ng4 (34. g3 $142 fxe5 35. gxf4) 34... f5 {[%emt 0:00:47] Double Attack} 35. Rxf4 gxf4 36. Nf2 Qe3 37. Qf1 {[%emt 0:00:53] [#]} Rd2 $1 38. Rxa6 Re2 $19 (38... Qxf2 39. Qxb5+ {[%mdl 64] Double Attack} Kf7 40. Qxf5+ {[%mdl 64] Double Attack} Ke8 41. Ra8+ Rd8 42. Qh5+ {[%mdl 64] Double Attack} Rg6 43. Qxg6+ Kd7 44. Qf5+ {[%mdl 64] Double Attack} e6 45. Qf7+ Kc6 46. Ra6+ Qb6 47. Qxe6+ {[%mdl 64] Double Attack} Rd6 48. Rxb6+) 39. Nd3 Qxd3 40. Qc1 {[%emt 0:00:53] [#]} Qc2 $1 41. Rc6 {[%emt 0:00:44] [#]} Re1+ $1 42. Qxe1 Qxg2# 0-1

[Event "4th ChessMates Murmansk 2020"]
[Site "Murmansk"]
[Date "2020.03.13"]
[Round "2.1"]
[White "Andrijashkin, Deniss"]
[Black "Babanin, Gleb"]
[Result "0-1"]
[ECO "B52"]
[WhiteElo "1946"]
[BlackElo "2225"]
[Annotator "ChessBase"]
[PlyCount "98"]
[EventDate "2020.03.13"]
[EventType "team-tourn"]
[EventCountry "RUS"]
[SourceTitle "playchess.com"]
[Source "ChessBase"]
[SourceQuality "1"]
[TimeControl "5400+30"]

1. e4 c5 2. Nf3 d6 3. Bb5+ Bd7 4. Bxd7+ Qxd7 5. O-O Nc6 6. c3 Nf6 7. Re1 e6 8. d4 cxd4 9. cxd4 d5 10. e5 Ne4 11. Nbd2 Nxd2 12. Bxd2 Be7 13. Rc1 O-O 14. Rc3 Rfc8 15. a3 Qd8 16. Rd3 b5 17. h4 Na5 18. Ng5 Qc7 19. Rc3 Qb6 20. Rg3 g6 21. Qf3 Rf8 22. Qf4 Bxg5 23. hxg5 Nc6 24. Bc3 Qd8 25. Rh3 Kg7 26. Qf6+ Qxf6 27. gxf6+ Kg8 28. g4 a5 29. Kg2 b4 30. Bd2 h5 31. Bh6 Rfc8 32. Bg7 Nxd4 33. Reh1 Kh7 34. gxh5 g5 35. Rg3 Rc2 36. Rxg5 Rxb2 37. Rh3 a4 38. Rhg3 Rb3 39. R3g4 Nf5 40. h6 Rg8 41. axb4 a3 42. b5 d4 43. Rxf5 exf5 44. Rxd4 Ra8 45. e6 a2 46. e7 a1=Q 47. Rd8 Rh3 48. Kxh3 Qh1+ 49. Kg3 Ra3+ 0-1

[Event "4th ChessMates Murmansk 2020"]
[Site "Murmansk"]
[Date "2020.03.13"]
[Round "2.2"]
[White "Sinitsina, Anastassia"]
[Black "Vaino, Nikita"]
[Result "1-0"]
[ECO "A14"]
[WhiteElo "2125"]
[BlackElo "1788"]
[Annotator "ChessBase"]
[PlyCount "43"]
[EventDate "2020.03.13"]
[EventType "team-tourn"]
[EventCountry "RUS"]
[SourceTitle "playchess.com"]
[Source "ChessBase"]
[SourceQuality "1"]
[TimeControl "5400+30"]

1. Nf3 d5 2. c4 e6 3. g3 Nf6 4. Bg2 Be7 5. O-O O-O 6. b3 b6 7. Bb2 Bb7 8. Qc2 c5 9. cxd5 exd5 10. d4 Nbd7 11. Nc3 Rc8 12. Rad1 Ne4 13. dxc5 Rxc5 14. Qd3 Ndf6 15. Nd4 Ra5 16. a4 Rc5 17. Nf5 Rc8 18. Nxe4 dxe4 19. Qe3 Nd5 20. Qxe4 Bf6 21. Ba3 Re8 22. Qg4 1-0

[Event "4th ChessMates Murmansk 2020"]
[Site "Murmansk"]
[Date "2020.03.13"]
[Round "2.4"]
[White "Shelezhonkova, Kseniya"]
[Black "Nikitin, Arseni EST"]
[Result "0-1"]
[ECO "B23"]
[WhiteElo "1552"]
[BlackElo "1680"]
[Annotator "NA RC"]
[PlyCount "70"]
[EventDate "2020.03.13"]
[EventType "team-tourn"]
[EventCountry "RUS"]
[SourceTitle "playchess.com"]
[Source "ChessBase"]
[SourceQuality "1"]
[TimeControl "5400+30"]

1. e4 c5 2. Nc3 e6 3. f4 d5 4. Nf3 d4 5. Ne2 Nf6 6. d3 Nc6 7. h3 h5 8. g3 a6 9. a4 c4 10. Bg2 Bc5 11. O-O cxd3 12. cxd3 O-O 13. Kh1 b6 14. Ng5 e5 15. fxe5 Nxe5 16. Bf4 Qe7 17. Ng1 Ra7 18. N1f3 Ng6 19. b4 Bxb4 20. Nxd4 Bd7 21. Nc2 Bc3 22. Ra3 Be5 23. d4 Bxf4 24. gxf4 Rc8 25. Ra2 Rac7 26. e5 Ne8 27. Bd5 Bc6 28. Bxc6 Rxc6 29. d5 Rc3 30. d6 Qb7+ 31. Kh2 Nh4 32. Rf2 f6 33. d7 fxg5 34. dxc8=Q Qxc8 35. fxg5 Qxh3+ 0-1

[Event "4th ChessMates Murmansk 2020"]
[Site "Murmansk"]
[Date "2020.03.13"]
[Round "2.6"]
[White "Shilnikov, Anton"]
[Black "Myskovski, Deniss"]
[Result "1-0"]
[ECO "C44"]
[WhiteElo "1769"]
[BlackElo "1205"]
[Annotator "NA RC"]
[PlyCount "55"]
[EventDate "2020.03.13"]
[EventType "team-tourn"]
[EventCountry "RUS"]
[SourceTitle "playchess.com"]
[Source "ChessBase"]
[SourceQuality "1"]
[TimeControl "5400+30"]

1. e4 e5 2. Nf3 Nc6 3. d4 exd4 4. Bc4 Bc5 5. c3 d3 6. Qxd3 d6 7. O-O Be6 8. Bxe6 fxe6 9. b4 Bb6 10. Bb2 e5 11. a4 a6 12. Na3 Nf6 13. Nc4 Ba7 14. b5 Nb8 15. Rad1 Bc5 16. Ncxe5 Nbd7 17. Nxd7 Qxd7 18. e5 dxe5 19. Qc4 Qe7 20. Nxe5 Bd6 21. f4 Nd7 22. Nxd7 Kxd7 23. Rfe1 Qf6 24. b6 Kc8 25. Ba3 Qxf4 26. Qe6+ Kd8 27. Bxd6 cxd6 28. Rxd6+ 1-0

[Event "4th ChessMates Murmansk 2020"]
[Site "Murmansk"]
[Date "2020.03.13"]
[Round "2.7"]
[White "Blokhin, Sofia"]
[Black "Baranov, Ivan"]
[Result "1-0"]
[ECO "B32"]
[WhiteElo "1854"]
[BlackElo "1671"]
[Annotator "NA RC"]
[PlyCount "77"]
[EventDate "2020.03.13"]
[EventType "team-tourn"]
[EventCountry "RUS"]
[SourceTitle "playchess.com"]
[Source "ChessBase"]
[SourceQuality "1"]
[TimeControl "5400+30"]

1. e4 c5 2. Nf3 Nc6 3. d4 cxd4 4. Nxd4 e5 5. Nb5 d6 6. N1c3 a6 7. Na3 b5 8. Nd5 Nge7 9. c4 Nxd5 10. exd5 Nd4 11. cxb5 Be7 12. bxa6 {[%emt 0:02:52] B32: Sicilian: Löwenthal and Kalashnikov Variations.} O-O 13. Bc4 Bxa6 14. O-O {[%emt 0:04:16] [#]} Bxc4 $146 ({Predecessor:} 14... Qb6 15. b3 Qc5 16. Bb2 Rfb8 17. Qd3 Bxc4 18. Nxc4 Qxd5 19. Rfd1 Bf6 20. Ne3 Qe6 {1-0 (66) Areshchenko,A (2625)-Maze,S (2494) Aarhus 2005}) 15. Nxc4 Qc7 16. Ne3 f5 17. f4 Bf6 18. fxe5 Bxe5 19. Bd2 f4 20. Ng4 Qb6 21. Rf2 f3 22. Be3 fxg2 23. Rxg2 Kh8 24. Rd2 Nf3+ $2 (24... h5 $16) 25. Qxf3 Qb4 26. Qg2 Bf4 27. Rc1 h5 28. a3 Bxe3+ 29. Nxe3 Qf4 30. Qg3 Qh6 31. Rg2 h4 32. Qg5 Kh7 {[%emt 0:00:59] [#]} 33. Rc7 $1 Qxg5 34. Rxg5 Rae8 35. Rcxg7+ Kh8 36. R7g6 Kh7 37. Ng4 Re1+ 38. Kg2 Re2+ 39. Kh3 1-0

[Event "4th ChessMates Murmansk 2020"]
[Site "Murmansk"]
[Date "2020.03.13"]
[Round "2.8"]
[White "Chervyakova, Tatiana"]
[Black "Smirnova, Jekaterina"]
[Result "1/2-1/2"]
[ECO "E10"]
[WhiteElo "1489"]
[BlackElo "1439"]
[Annotator "NA RC"]
[PlyCount "89"]
[EventDate "2020.03.13"]
[EventType "team-tourn"]
[EventCountry "RUS"]
[SourceTitle "playchess.com"]
[Source "ChessBase"]
[SourceQuality "1"]
[TimeControl "5400+30"]

1. d4 Nf6 2. c4 e6 3. Nf3 c5 4. e3 Be7 5. Be2 O-O 6. O-O d5 7. Nc3 cxd4 8. exd4 Nc6 9. h3 dxc4 10. Bxc4 Nd5 11. Bd2 Nb6 12. Bb5 Nxd4 13. Nxd4 Qxd4 14. Be3 Qb4 15. Bxb6 axb6 16. Qe2 Bf6 17. a3 Qe7 18. Rac1 Rd8 19. Rfd1 Bd7 20. Ne4 Bxb5 21. Nxf6+ Qxf6 22. Qxb5 Rxd1+ 23. Rxd1 Rd8 24. Rd7 Rxd7 25. Qxd7 g6 26. Qxb7 Qxb2 27. Qb8+ Kg7 28. a4 Qd4 29. Qc7 Qd1+ 30. Kh2 Qxa4 31. Qxb6 Qf4+ 32. g3 Qd2 33. Qc5 Qb2 34. Qe3 e5 35. Kg2 Qb7+ 36. Kh2 Qd5 37. Qa3 Qd2 38. Kg2 Qd5+ 39. Kh2 Qd4 40. Kg2 h5 41. h4 Qd7 42. Qc5 Qd4 43. Qa3 Qd5+ 44. Kh2 Qd7 45. Kg2 1/2-1/2

[Event "4th ChessMates Murmansk 2020"]
[Site "Murmansk"]
[Date "2020.03.13"]
[Round "2.9"]
[White "Mertins, Ostap"]
[Black "Filimonov, Viktor"]
[Result "0-1"]
[ECO "B11"]
[WhiteElo "1375"]
[BlackElo "1481"]
[Annotator "NA"]
[PlyCount "114"]
[EventDate "2020.03.13"]
[EventType "team-tourn"]
[EventCountry "RUS"]
[SourceTitle "playchess.com"]
[Source "ChessBase"]
[SourceQuality "1"]
[TimeControl "5400+30"]

1. e4 c6 2. Nf3 d5 3. Nc3 Bg4 4. h3 Bxf3 5. Qxf3 e6 6. exd5 cxd5 7. d4 Nc6 8. Bb5 Nf6 9. O-O Be7 10. Qg3 O-O 11. Bh6 Ne8 12. Bxc6 bxc6 13. Bf4 Nd6 14. Bxd6 Bxd6 15. Qe3 Rb8 16. b3 Qc7 17. a4 e5 18. dxe5 Bxe5 19. Rae1 Rfe8 20. f4 Bd6 21. Qxe8+ Rxe8 22. Rxe8+ Bf8 23. g3 f6 24. Rfe1 Kf7 25. Na2 Qb6+ 26. Kg2 Qc5 27. R8e2 d4 28. Nc1 Qd5+ 29. Kh2 Bb4 30. Rf1 Bd6 31. Nd3 c5 32. Nb2 g5 33. Nc4 Bf8 34. fxg5 Qxg5 35. Ne5+ Kg7 36. Ng4 f5 37. Ne5 Bd6 38. Rg1 h5 39. Nc4 Bc7 40. Re6 Kf7 41. Rc6 Qe7 42. Rh6 Kg7 43. Ra6 h4 44. a5 hxg3+ 45. Rxg3+ Bxg3+ 46. Kxg3 Qb7 47. Re6 Qd7 48. Re1 Kf6 49. Kf4 Qh7 50. Kg3 Qg6+ 51. Kf3 Qh5+ 52. Kg3 f4+ 53. Kh2 Qh4 54. Rg1 f3 55. Rf1 Qf4+ 56. Kh1 Qg3 57. Nd2 Qg2# 0-1

[Event "4th ChessMates Murmansk 2020"]
[Site "Murmansk"]
[Date "2020.03.13"]
[Round "2.14"]
[White "Mamoshin, Oleg"]
[Black "Vetrov, Ivan"]
[Result "1/2-1/2"]
[ECO "B19"]
[WhiteElo "1648"]
[BlackElo "1799"]
[Annotator "NA"]
[PlyCount "66"]
[EventDate "2020.03.13"]
[EventType "team-tourn"]
[EventCountry "RUS"]
[SourceTitle "playchess.com"]
[Source "ChessBase"]
[SourceQuality "1"]
[TimeControl "5400+30"]

1. e4 c6 2. d4 d5 3. Nc3 dxe4 4. Nxe4 Bf5 5. Ng3 Bg6 6. h4 h6 7. Nf3 Nd7 8. h5 Bh7 9. Bd3 Bxd3 10. Qxd3 e6 11. Bd2 Ngf6 12. Ne4 Nxe4 13. Qxe4 Nf6 14. Qe2 Qd5 15. Qe5 Bd6 16. Qxd5 cxd5 17. Ne5 Ke7 18. f3 Rac8 19. Rc1 Nd7 20. Nxd7 Kxd7 21. Ke2 Rc4 22. Kd3 Be7 23. b3 Rc6 24. c4 dxc4+ 25. Rxc4 Rhc8 26. Rhc1 f5 27. Bf4 Bf6 28. Be5 Bxe5 29. dxe5 Rxc4 30. Rxc4 Rxc4 31. Kxc4 Kc6 32. b4 a6 33. a4 b5+ 1/2-1/2